 Dungeon Crawl Stone Soup version 0.26.0-10-g1f06aea511 (webtiles) character file.

Game seed: 11855328588960975002

2564 Borgoz the Basher (level 9, -19/57 HPs)
             Began as a Gargoyle Fighter on Jan 17, 2021.
             Was a Believer of Ashenzari.
             Demolished by a two-headed ogre
             ... wielding a +0 giant spiked club
              (20 damage)
             ... on level 7 of the Dungeon.
             The game lasted 00:09:37 (6930 turns).

Borgoz the Basher (Gargoyle Fighter)                Turns: 6930, Time: 00:09:37

Health: -19/57     AC: 16    Str: 19    XL:     9   Next: 57%
Magic:  9/9        EV:  8    Int: 10    God:    Ashenzari [**....]
Gold:   371        SH: 10    Dex: 12    Spells: 8/8 levels left

rFire    + . .     SeeInvis .   g - +0 morningstar
rCold    . . .     Faith    .   c - +0 kite shield
rNeg     + . .     Spirit   .   A - +1 ring mail {rF+}
rPois    ∞         Reflect  .   v - +1 hat
rElec    +         Harm     .   x - scarf {repulsion}
rCorr    .         Rampage  .   e - +0 pair of gloves
Will     +....                  (no boots)
Stlth    +.........             u - amulet of the acrobat
HPRegen  0.19/turn              q - ring of willpower
MPRegen  0.11/turn              (no ring)

@: repel missiles
A: negative energy resistance 1, electricity resistance, unbreathing,
petrification resistance, miasma immunity, AC +6
a: Renounce Religion, Curse Item, Scrying


You were on level 7 of the Dungeon.
You worshipped Ashenzari.
Ashenzari was pleased with you.
You visited 1 branch of the dungeon, and saw 7 of its levels.

You collected 371 gold pieces.

Inventory:

Hand Weapons
 g - a +0 morningstar (weapon)
Armour
 c - a +0 kite shield (worn)
 e - a +0 pair of gloves (worn)
 v - a +1 hat (worn)
 x - a scarf of repulsion (worn)
 A - a +1 ring mail of fire resistance (worn)
Jewellery
 q - a ring of willpower (left hand)
 u - an amulet of the acrobat (around neck)
 B - the ring of Winter {rC- Will+ Int+4}
   (You took it off a centaur on level 7 of the Dungeon)

   [ring of willpower]

   It affects your intelligence (+4).
   It makes you vulnerable to cold.
   It affects your willpower, your defense against some magical effects.
Wands
 a - a wand of iceblast (9)
 n - a wand of acid (3)
 r - a wand of flame (4)
Scrolls
 b - a scroll of identify
 d - 2 scrolls of teleportation {unknown}
 i - a scroll of acquirement {unknown}
 j - 4 scrolls of remove curse
 l - 3 scrolls of magic mapping {unknown}
 o - 3 scrolls of blinking
 s - 2 scrolls of enchant weapon
 t - 2 scrolls of fear
 y - 2 scrolls of fog {unknown}
 z - a scroll of enchant armour {unknown}
Potions
 f - 3 potions of curing
 h - a potion of ambrosia
 m - a potion of haste
 p - a potion of cancellation
 w - a potion of flight


   Skills:
 + Level 7.0 Fighting
 * Level 8.3 Maces & Flails
 + Level 7.0 Armour
 + Level 7.0 Shields


You had 8 spell levels left.
You didn't know any spells.
Your spell library contained the following spells:

 Spells                   Type           Power        Failure   Level
 Corona                   Hex            0%           86%         1
 Magic Dart               Conj           0%           86%         1
 Searing Ray              Conj           0%           95%         2
 Slow                     Hex            0%           95%         2
 Dazzling Flash           Conj/Hex       0%           99%         3
 Inner Flame              Hex/Fire       0%           99%         3
 Portal Projectile        Hex/Tloc       0%           99%         3
 Cause Fear               Hex            0%           100%        4
 Fulminant Prism          Conj/Hex       0%           100%        4
 Iskenderun's Mystic Bla  Conj/Tloc      0%           100%        4
 Leda's Liquefaction      Hex/Erth       0%           100%        4


Dungeon Overview and Level Annotations

Branches:
Dungeon (7/15)
 Temple: D:4-7

Altars:
Ashenzari
Elyvilon
Nemelex Xobeh
Qazlal
Ru
Sif Muna
Trog
Zin
The Shining One


Innate Abilities, Weirdness & Mutations

You are resistant to torment.
Your stone body is resilient. (AC +6)
You are immune to poison.
You resist negative energy. (rN+)
You are resistant to electric shocks. (rElec)
You can survive without breathing.
You are immune to petrification.
You are immune to miasma.


Message History

You block the two-headed ogre's attack.
The two-headed ogre hits you but does no damage.
You hit the two-headed ogre.
The two-headed ogre is almost dead.
The two-headed ogre hits you with a +0 giant spiked club.
The two-headed ogre hits you with a +0 giant club.
* * * LOW HITPOINT WARNING * * *
You hit the two-headed ogre but do no damage.
The two-headed ogre is almost dead.
The two-headed ogre hits you with a +0 giant spiked club!
* * * LOW HITPOINT WARNING * * *
The two-headed ogre barely misses you.
You feel much better. The two-headed ogre closely misses you.
The two-headed ogre hits you with a +0 giant club!
You hit the two-headed ogre but do no damage.
The two-headed ogre is almost dead.
The two-headed ogre hits you with a +0 giant spiked club!!
* * * LOW HITPOINT WARNING * * *
The two-headed ogre hits you with a +0 giant club!!
You die...

### ### #.# ..
##.## [)# #.#.#
.)
##.#.#####.###
#..#..##. }".#
##..#..##.##O.#
#.#.#.#.##..@#
##.#.#.#.##...#
.
#..#.#.#..##.##
.
##..#[#.#..##)#
.
#'#+#######'#(#
#.# ........)##
##.##.#.#.#.#.#
#...# # #.###
##...## #.


You could see a two-headed ogre.

Vanquished Creatures
  Grinder (D:6)
  A shadow (D:7)
  Menkaure (D:6)
  A hornet zombie (D:7)
  A phantom (D:5)
  2 ice beasts (D:6)
  An ogre (D:7)
  3 centaurs
  A big kobold (D:7)
  2 bullfrogs (D:7)
  A wyvern skeleton (D:6)
  2 scorpions
  A killer bee (D:7)
  A howler monkey (D:3)
  2 centaur zombies
  Crazy Yiuf (D:3)
  3 hounds
  A bullfrog zombie (D:7)
  A jelly (D:6)
  3 centaur skeletons
  A gnoll shaman (D:5)
  2 orc priests
  5 orc wizards
  Jessica (D:3)
  Terence (D:3)
  An iguana (D:6)
  A hound skeleton (D:6)
  Robin (D:3)
  A howler monkey skeleton (D:3)
  12 gnolls
  3 adders
  An ooze (D:2)
  2 ufetubi
  2 adder zombies (D:7)
  4 worms
  2 dart slugs
  3 leopard geckos
  18 orcs
  8 giant cockroaches
  18 goblins
  7 hobgoblins
  13 jackals
  4 quokkas
  3 ball pythons
  4 bats
  6 frilled lizards
  14 kobolds
  8 rats
176 creatures vanquished.

Vanquished Creatures (others)
  A fungus (D:3)
1 creature vanquished.

Grand Total: 177 creatures vanquished

Notes
Turn   | Place    | Note
-------+----------+-------------------------------------------
     0 | D:1      | Borgoz the Gargoyle Fighter began the quest for the Orb.
     0 | D:1      | Reached XP level 1. HP: 14/14 MP: 1/1
    80 | D:1      | Reached XP level 2. HP: 16/19 MP: 2/2
   377 | D:1      | Reached XP level 3. HP: 23/23 MP: 3/3
   515 | D:2      | Found a bloodstained altar of Trog.
   833 | D:2      | Reached skill level 3 in Maces & Flails
  1066 | D:2      | Reached XP level 4. HP: 19/29 MP: 4/4
  1072 | D:2      | HP: 1/29 [gnoll/+0 halberd (5)]
  1793 | D:2      | Found a bloodstained altar of Trog.
  1798 | D:2      | Found a sacrificial altar of Ru.
  1801 | D:2      | Found a shimmering blue altar of Sif Muna.
  1804 | D:2      | Found a broken altar of Ashenzari.
  1929 | D:2      | Became a worshipper of Ashenzari the Shackled
  2009 | D:3      | Reached XP level 5. HP: 30/33 MP: 5/5
  2244 | D:3      | Noticed Terence
  2245 | D:3      | Noticed Robin
  2257 | D:3      | Killed Terence
  2298 | D:3      | Killed Robin
  2299 | D:3      | Reached skill level 4 in Maces & Flails
  2549 | D:3      | Found a stormy altar of Qazlal.
  2563 | D:3      | Noticed Jessica
  2571 | D:3      | Reached XP level 6. HP: 34/38 MP: 6/6
  2574 | D:3      | Killed Jessica
  2901 | D:3      | Found a runed translucent door.
  2902 | D:3      | Noticed Crazy Yiuf
  2910 | D:3      | Killed Crazy Yiuf
  3537 | D:4      | Reached XP level 7. HP: 42/44 MP: 7/7
  3565 | D:4      | Reached skill level 5 in Maces & Flails
  4497 | D:5      | Entered Level 5 of the Dungeon
  4589 | D:5      | Found a glowing golden altar of the Shining One.
  4589 | D:5      | Found a white marble altar of Elyvilon.
  4590 | D:5      | Found a glowing silver altar of Zin.
  4618 | D:5      | Reached * piety under Ashenzari
  4774 | D:5      | Reached skill level 5 in Fighting
  4774 | D:5      | Reached skill level 5 in Armour
  4923 | D:5      | Reached skill level 5 in Shields
  5160 | D:5      | Reached XP level 8. HP: 36/49 MP: 8/8
  5462 | D:6      | Reached skill level 6 in Maces & Flails
  5611 | D:6      | Found a sparkling altar of Nemelex Xobeh.
  5639 | D:6      | Noticed Menkaure
  5645 | D:6      | Killed Menkaure
  5743 | D:6      | Noticed Grinder
  5754 | D:6      | Killed Grinder
  5755 | D:6      | Reached skill level 7 in Maces & Flails
  6180 | D:6      | Reached XP level 9. HP: 55/55 MP: 9/9
  6573 | D:7      | Reached ** piety under Ashenzari
  6801 | D:7      | Identified the amulet "Dofed" {Regen+ Dex+4 Stlth-}
  6801 | D:7      | Identified the ring of Winter {rC- Will+ Int+4}
  6832 | D:7      | Reached skill level 8 in Maces & Flails
  6915 | D:7      | Noticed a two-headed ogre
  6930 | D:7      | HP: 1/57 [two-headed ogre/+0 giant spiked club (21)]
  6930 | D:7      | Demolished by a two-headed ogre

Illustrated notes

Levels and vault maps discovered:
D:1:      ncdulo_lavacross, layout_rooms
D:2:      layout_basic, grunt_temple_overflow_cloverleaf, serial_curves,
          eino_curves_02, eino_curves_01, trog_three_pillars_becter
D:3:      layout_loops_cross, nicolae_overflow_crystal_walls, uniq_robin,
          uniq_crazy_yiuf_cottage, uniq_terence, uniq_jessica
D:4:      layout_layer_cave
D:5:      layout_gridville, good_gods_temple_1
D:6:      layout_basic, nemelex_xobeh_ov_fountains_minmay, minmay_checkerbox,
          uniq_grinder, uniq_menkaure
D:7:      minmay_the_grid_triangle_9x9_rhombus_thin
          [minmay_the_grid_triangle_9x9_wacky_v,
          minmay_the_grid_triangle_9x9_prize_schism,
          minmay_the_grid_triangle_9x9_dagger,
          minmay_the_grid_triangle_9x9_from_above], layout_rooms, minitemple,
          minmay_temple_entry_mist

Skill      XL: |  1  2  3  4  5  6  7  8  9 |
---------------+----------------------------+-----
Maces & Flails | 3 4 5 7 8 |  8.3
Armour         | 4 5 6 7 |  7.0
Shields        | 4 5 6 7 |  7.0
Fighting       | 4 5 6 7 |  7.0

Action                   |  1- 3 |  4- 6 |  7- 9 || total
-------------------------+-------+-------+-------++-------
Melee: Flail             |   128 |   298 |    46 ||   472
       Morningstar       |       |       |   347 ||   347
  Use: Potion            |     1 |     1 |     4 ||     6
       Scroll            |       |     4 |     6 ||    10
Armor: Scale mail        |    73 |   191 |    96 ||   360
       Ring mail         |       |       |   147 ||   147
Dodge: Dodged            |    45 |   104 |   150 ||   299
       Repelled          |       |       |     3 ||     3
Block: Kite shield       |    79 |   170 |   219 ||   468
